 Dungeon Crawl Stone Soup version 0.14.0-6-g1bc2dff (webtiles) character file.

648 RogerD the Ducker (level 6, -5/58 HPs)
             Began as a Troll Assassin on Apr 11, 2014.
             Slain by an iguana (8 damage)
             ... on Level 4 of the Dungeon on Apr 12, 2014.
             The game lasted 00:37:56 (3585 turns).

RogerD the Ducker (Troll Assassin)                  Turns: 3585, Time: 00:37:56

HP  -5/58        AC  8     Str 21      XL: 6   Next: 79%
MP   3/3         EV 11     Int  7      God:
Gold 185         SH  0     Dex 12      Spells:  0 memorised,  5 levels left

rFire  . . .     SeeInvis .     a - +2 club
rCold  . . .     Clarity  .     c - +0 robe
rNeg   . . .     Conserve .     (shield restricted)
rPois  .         rCorr    .     (helmet restricted)
rElec  .         rRot     .     d - +1 cloak
SustAb . .       Spirit   .     (gloves unavailable)
rMut   .         Warding  .     (boots unavailable)
Gourm  +         Stasis   .     (no amulet)
MR     .....                    (no ring)
                                p - +1 ring of protection

@: not resistant to hostile enchantments, fairly stealthy
A: unfitting armour, claws 3, fast metabolism 3, gourmand, regeneration 2,
saprovore 2, shaggy fur 1, tough skin 2
a: no special abilities


You were on level 4 of the Dungeon.
You were not hungry.

You visited 1 branch of the dungeon, and saw 5 of its levels.

You collected 185 gold pieces.

Inventory:

Hand weapons
 a - a +2,+2 club (weapon)
 b - a +0 blowgun
 w - a +0 blowgun
Missiles
 e - 35 poisoned needles
 f - a curare-tipped needle
 n - 45 darts (quivered)
Armour
 c - a +0 robe (worn)
 d - a +1 cloak (worn)
Comestibles
 g - 4 meat rations
 q - a bread ration
 z - 4 sultanas
 C - a slice of pizza
Scrolls
 j - a scroll of fog {unknown}
 k - 2 scrolls of amnesia
 l - 3 scrolls of remove curse
 m - a scroll of immolation {unknown}
 o - 2 scrolls of noise {unknown}
 r - 2 scrolls of identify {unknown}
 s - 3 scrolls of fear
 y - a scroll of blinking
 B - a scroll of recharging {unknown}
Jewellery
 p - a +1 ring of protection (left claw)
Potions
 h - a potion of might {unknown}
 i - 2 potions of curing
 t - a potion of poison {unknown}
 u - 2 potions of heal wounds
 v - a potion of brilliance {unknown}
 x - 2 potions of haste {unknown}
 A - 2 potions of agility


   Skills:
 + Level 2.3 Fighting
 + Level 3.2 Maces & Flails
 + Level 2.9 Throwing
 + Level 3.8 Dodging
 + Level 3.0 Stealth


You had 5 spell levels left.
You didn't know any spells.

Dungeon Overview and Level Annotations

Branches:
Dungeon (5/15)
 Temple: D:4-7

Altars:
Fedhas


Innate Abilities, Weirdness & Mutations

You are too large for most types of armour.
You have claws for hands.
Your metabolism is lightning-fast.
You like to eat raw meat.
You heal very quickly.
You can eat rotten meat.
You are covered in fur (AC +1).
You have very tough skin (AC +2).


Message History

The shadow imp misses you. The iguana bites you.
The phantom completely misses you.
You hit the giant gecko.
You kill the giant gecko!
The shadow imp gestures at you. Pain shoots through your body!
* * * LOW HITPOINT WARNING * * *
The iguana bites you.
* * * LOW HITPOINT WARNING * * *
The phantom hits you but does no damage.
The shadow imp barely misses you. The iguana bites you.
* * * LOW HITPOINT WARNING * * *
The phantom hits you but does no damage.
You climb upwards.
There is a stone staircase leading down here.
The shadow imp gestures at you. Pain shoots through your body!
* * * LOW HITPOINT WARNING * * *
The iguana bites you!
You die...

#### ...# ############## #######
...# #.......@....# #.....(
...######......5pl...######......
...'...##............'....#......
...###..'............####......[.
...# ####............# ###......
#'## #............# #(..... #.#
###'########## ####### ..# #....#
### ####.#


You could see a phantom, an iguana and a shadow imp.

Vanquished Creatures
  The ghost of GojiColin the Caller, an average DsSu (D:3)
  A centaur (D:3)
  A water moccasin skeleton (D:4)
  A crimson imp (D:3)
  An iguana (D:4)
  A worker ant (D:4)
  8 adders
  A giant mite (D:4)
  2 worms (D:3)
  4 giant geckos
  2 orcs
  4 giant cockroaches
  12 goblins
  7 hobgoblins
  2 quokkas
  8 bats
  5 giant newts
  A jackal skeleton (D:4)
  14 kobolds
  15 rats
91 creatures vanquished.

Notes
Turn   | Place    | Note
--------------------------------------------------------------
     0 | D:1      | RogerD, the Troll Assassin, began the quest for the Orb.
     0 | D:1      | Reached XP level 1. HP: 19/19 MP: 1/1
   214 | D:1      | Reached XP level 2. HP: 26/28 MP: 1/1
   447 | D:1      | Reached skill level 1 in Dodging
   771 | D:2      | Reached XP level 3. HP: 16/35 MP: 2/2
  1159 | D:2      | Reached XP level 4. HP: 42/42 MP: 2/2
  1737 | D:3      | Reached skill level 3 in Stealth
  1760 | D:3      | Found a blossoming altar of Fedhas.
  1775 | D:3      | Noticed a centaur
  1857 | D:3      | Killed a centaur
  1857 | D:3      | Reached XP level 5. HP: 46/49 MP: 2/2
  2447 | D:3      | Noticed GojiColin's ghost (average DsSu)
  2459 | D:3      | Killed GojiColin's ghost
  2459 | D:3      | Reached XP level 6. HP: 45/58 MP: 3/3
  3477 | D:5      | Entered Level 5 of the Dungeon
  3585 | D:4      | Slain by an iguana

Action                   |  1- 3 |  4- 6 || total
-------------------------+-------+-------++-------
Melee: Club              |   107 |   331 ||   438
 Fire: Blowgun           |    10 |     7 ||    17
Throw: Dart              |     7 |    17 ||    24
  Use: Scroll            |     4 |     2 ||     6
       Potion            |       |     3 ||     3
 Stab: Sleeping          |       |     1 ||     1
